 Dungeon Crawl Stone Soup version 0.23-a0-54-gae6112e33f (webtiles) character file.

337855 Rrauwl the Hoplite (level 23, -34/122 HPs)
             Began as a Halfling Hunter on Aug 7, 2018.
             Was a High Priest of the Shining One (penitent).
             Blown up by an eye of devastation (36 damage)
             ... with a bolt of energy
             ... on level 5 of the Abyss on Aug 8, 2018.
             The game lasted 03:52:53 (49034 turns).

Rrauwl the Hoplite (Halfling Hunter)               Turns: 49034, Time: 03:52:53

Health: -34/122    AC: 32    Str: 23    XL:     23   Next: 28%
Magic:  0/34       EV: 27    Int: 12    God:    the Shining One [*]
Gold:   1804       SH: 20    Dex: 18    Spells: 18/22 levels left

rFire    + . .     SeeInvis .   a - +1 scimitar (flame)
rCold    + . .     Gourm    .   F - +2 shield of Resistance {rF+ rC+ MR+}
rNeg     + + .     Faith    .   X - +4 swamp dragon scales of Syisk {rPois Slay+2}
rPois    +         Spirit   +   P - +2 helmet {Int+3}
rElec    .         Reflect  .   z - scarf {repulsion}
rCorr    .         Harm     .   t - +2 pair of gloves {Str+3}
MR       ++...     Rnd*Rage +   R - +2 pair of boots {run}
Stlth    ++++......             v - amulet of guardian spirit
HPRegen  0.30/turn              U - +4 ring of protection
MPRegen  0.24/turn              Q - +4 ring of evasion

@: repel missiles, quick
A: small, [berserk 1], [frail 2], mutation resistance 1, no potion heal 1
}: 1/15 runes: serpentine
a: Renounce Religion


You were on level 5 of the Abyss.
You worshipped the Shining One.
The Shining One was demanding penance.
You were not hungry.

You visited 7 branches of the dungeon, and saw 33 of its levels.
You visited the Abyss 1 time.
You also visited: Labyrinth and Bailey.

You collected 3914 gold pieces.
You spent 2110 gold pieces at shops.

Inventory:

Hand Weapons
 a - a +1 scimitar of flaming (weapon)
 b - a +5 fustibalus of freezing
 c - the +6 hunting sling of Brawling {velocity, rC+ rN+}
   (You acquired it on level 15 of the Dungeon)

   Any stone fired from it inflicts extra damage.
   It protects you from cold.
   It protects you from negative energy.
Missiles
 j - a throwing net (quivered)
Armour
 t - a +2 pair of gloves of strength (worn)
 z - a scarf of repulsion (worn)
 F - the +2 shield of Resistance (worn) {rF+ rC+ MR+}
   (You bought it in a shop on level 15 of the Dungeon)

   It protects you from fire.
   It protects you from cold.
   It affects your resistance to hostile enchantments.
 P - a +2 helmet of intelligence (worn)
 R - a +2 pair of boots of running (worn)
 X - the +4 swamp dragon scales of Syisk (worn) {rPois Slay+2}
   (You bought it in a shop on level 3 of the Depths)

   It affects your accuracy and damage with ranged weapons and melee attacks
   (+2).
   It protects you from poison.
Jewellery
 r - an uncursed ring of flight
 v - an amulet of guardian spirit (around neck)
 x - an uncursed amulet of magic regeneration
 y - an uncursed ring of protection from fire
 G - an uncursed ring of resist corrosion
 Q - a +4 ring of evasion (right hand)
 U - a +4 ring of protection (left hand)
Wands
 h - a wand of digging (13)
 k - a wand of flame (55)
 u - a wand of enslavement (24)
 C - a wand of polymorph (21)
 E - a wand of paralysis (39)
 O - a wand of acid (5)
 V - a wand of disintegration (18)
Scrolls
 d - 4 scrolls of fog
 g - 7 scrolls of blinking
 i - 24 scrolls of identify
 l - 10 scrolls of teleportation
 n - a scroll of silence
 p - 3 scrolls of fear
 q - 11 scrolls of remove curse
 A - a scroll of amnesia
 S - 2 scrolls of magic mapping
Potions
 f - a potion of ambrosia
 o - 3 potions of curing
 s - a potion of cancellation
 w - 2 potions of resistance
 K - 3 potions of haste
 N - 3 potions of might
Miscellaneous
 m - a lamp of fire (inert)
 J - a lamp of fire (inert)
 L - a lightning rod (4/4)
 T - a box of beasts
Comestibles
 e - 47 rations


   Skills:
 - Level 12.0 Fighting
 - Level 12.0 Long Blades
 - Level 14.0 Slings
 + Level 18.4 Armour
 - Level 12.0 Dodging
 - Level 10.0 Stealth
 - Level 21.0 Shields
 - Level 15.0 Invocations
 - Level 10.1 Evocations


You had 18 spell levels left.
You knew the following spells:

 Your Spells              Type           Power        Failure   Level  Hunger
a - Passwall              Tmut/Erth      #.......     54%         2    ###....
b - Blink                 Tloc           N/A          54%         2    ###....

Your spell library contained the following spells:

 Spells                   Type           Power        Failure   Level  Hunger
 Magic Dart               Conj           #...         41%         1    ##.....
 Bolt of Magma            Conj/Fire/Erth #.........   100%        5    ######.
 Confuse                  Hex            #.......     78%         3    ####...
 Throw Frost              Conj/Ice       #.....       54%         2    ###....
 Controlled Blink         Tloc           N/A          100%        8    #######
 Mephitic Cloud           Conj/Pois/Air  #.......     78%         3    ####...
 Venom Bolt               Conj/Pois      #.........   100%        5    ######.
 Olgreb's Toxic Radiance  Pois           #.......     99%         4    #####..
 Teleport Other           Tloc           #.......     78%         3    ####...
 Iskenderun's Mystic Bla  Conj           #.......     99%         4    #####..
 Animate Dead             Necr           N/A          99%         4    #####..
 Pain                     Necr           #...         41%         1    ##.....
 Animate Skeleton         Necr           N/A          41%         1    ##.....
 Freeze                   Ice            #...         41%         1    ##.....
 Summon Ice Beast         Ice/Summ       #.......     99%         4    #####..
 Ozocubu's Armour         Chrm/Ice       #.......     78%         3    ####...
 Regeneration             Chrm/Necr      #.........   78%         3    ####...
 Sting                    Conj/Pois      #...         41%         1    ##.....
 Tukima's Dance           Hex            #.......     78%         3    ####...
 Corpse Rot               Necr           N/A          54%         2    ###....
 Iron Shot                Conj/Erth      #.........   100%        6    #######
 Stone Arrow              Conj/Erth      #.....       78%         3    ####...
 Spider Form              Tmut/Pois      #.........   78%         3    ####...
 Blade Hands              Tmut           #.........   100%        5    ######.
 Statue Form              Tmut/Erth      #........    100%        6    #######
 Ice Form                 Ice/Tmut       #.......     99%         4    #####..
 Death Channel            Necr           #.........   100%        6    #######
 Throw Icicle             Conj/Ice       #.......     99%         4    #####..
 Sticks to Snakes         Tmut           #.......     54%         2    ###....
 Ensorcelled Hibernation  Hex/Ice        #.....       54%         2    ###....
 Dispersal                Tloc           #.........   100%        6    #######
 Corona                   Hex            #......      41%         1    ##.....
 Lee's Rapid Deconstruct  Erth           #.........   100%        5    ######.
 Sandblast                Erth           #.....       41%         1    ##.....
 Simulacrum               Ice/Necr       #.........   100%        6    #######
 Portal Projectile        Hex/Tloc       #.....       78%         3    ####...
 Petrify                  Tmut/Erth      #.......     99%         4    #####..
 Passage of Golubria      Tloc           N/A          99%         4    #####..
 Leda's Liquefaction      Hex/Erth       #.........   99%         4    #####..
 Summon Hydra             Summ           #.........   100%        7    #######
 Shroud of Golubria       Chrm/Tloc      #.........   54%         2    ###....
 Beastly Appendage        Tmut           #.....       41%         1    ##.....
 Disjunction              Tloc           #.........   100%        8    #######
 Fulminant Prism          Conj/Hex       #.........   99%         4    #####..
 Dazzling Spray           Conj/Hex       #.....       78%         3    ####...
 Force Lance              Conj/Tloc      #.......     99%         4    #####..
 Infusion                 Chrm           #...         41%         1    ##.....
 Song of Slaying          Chrm           #.......     54%         2    ###....
 Spectral Weapon          Hex/Chrm       #.......     78%         3    ####...
 Searing Ray              Conj           #.....       54%         2    ###....
 Summon Forest            Summ/Tloc      #.........   100%        5    ######.
 Hydra Form               Tmut           #.........   100%        6    #######
 Gell's Gravitas          Tloc           #.........   78%         3    ####...
 Yara's Violent Unravell  Hex/Tmut       #.........   100%        5    ######.
 Lesser Beckoning         Tloc           #.........   78%         3    ####...
 Poisonous Vapours        Pois/Air       #.....       54%         2    ###....
 Ignition                 Fire           #.........   100%        8    #######
 Borgnjor's Vile Clutch   Necr/Erth      #.........   100%        5    ######.


Dungeon Overview and Level Annotations

Branches:
Dungeon (15/15)            Temple (1/1) D:6            Lair (6/6) D:11
  Swamp (0/4) Lair:4        Snake (4/4) Lair:3        Slime (0/5) Lair:6
    Orc (2/2) D:12            Elf (0/3) Orc:2        Vaults (0/5) D:13
 Depths (4/5) D:15           Hell (1/1)
    Dis: Hell:1         Geh: Hell:1         Coc: Hell:1         Tar: Hell:1

Altars:
Ashenzari
Cheibriados
Dithmenos
Elyvilon
Fedhas
Gozag
Hepliaklqana
Kikubaaqudgha
Makhleb
Nemelex Xobeh
Okawaru
Qazlal
Ru
Sif Muna
Trog
Uskayaw
Vehumet
Wu Jian
Xom
Yredelemnul
Zin
The Shining One
Beogh
Jiyva

Shops:
D:13 %   D:15 [[   Orc:2 ![?*(   Snake:2 [   Snake:4 :   Depths:2 :
Depths:3 =[

Portals:
Hell: Depths:1 Depths:2 Depths:3 Depths:4
Abyss: Depths:4
Pandemonium: Depths:3
Trove: D:12 (give 7 potions of agility)

Annotations:
Hell Geryon


Innate Abilities, Weirdness & Mutations

You are small and have problems with some larger weapons.
You are somewhat resistant to further mutation.
Potions are less effective at restoring your health.
[You tend to lose your temper in combat.]
[You are very frail. (-20% HP)]


Message History

You completely miss the eye of devastation.
The eye of devastation is heavily wounded.
You hit the eye of devastation but do no damage.
The eye of devastation is heavily wounded.
You barely miss the eye of devastation.
The eye of devastation is heavily wounded.
You hit the eye of devastation but do no damage.
The eye of devastation is heavily wounded.
The eye of devastation gazes at you. The bolt of energy hits you!
* * * LOW HITPOINT WARNING * * *
You hit the eye of devastation. You burn the eye of devastation.
The eye of devastation is heavily wounded.
You hit the eye of devastation. You burn the eye of devastation.
The eye of devastation is heavily wounded.
You hit the eye of devastation but do no damage.
The eye of devastation is heavily wounded.
The eye of devastation gazes at you. The bolt of energy hits you!
You die...

#. ...# # # .#
..# # .#..#
..#.###. .# ..
. ##.#..#..#..
# ###.. #.....
#######
####.#.#.##....
# #.## # #####
#..# ###..#
#.@##. .# #G.#
#..... ###. #[.
. .# #.# .. #..
### #.


You could see an eye of devastation.

Vanquished Creatures
  Saint Roka (Orc:2)
  Vashnia (Snake:3)
  A caustic shrike (Depths:3)
  A tentacled monstrosity (Abyss:3)
  2 titans
  A sphinx (Depths:3)
  An Executioner (Abyss:3)
  4 tentacled starspawn
  A shadow dragon (Depths:2)
  Gastronok (D:10)
  2 tengu reavers (Depths:3)
  4 storm dragons (Depths:4)
  The ghost of WhatIsLove the Tortoise, an adept MiFi of Qazlal (Snake:1)
  17 nagarajas
  4 fire giants
  An iron dragon (Depths:3)
  5 frost giants
  19 very ugly things
  8 stone giants
  32 starcursed masses
  A minotaur (Lab)
  3 dire elephants (Lair:6)
  2 spark wasps
  A green death (Abyss:4)
  A blizzard demon (Depths:3)
  5 ettins
  5 fire dragons
  Harold (D:10)
  A jiangshi (Depths:3)
  2 ice dragons
  Josephine (Orc:1)
  4 rakshasas
  Erolcha (D:10)
  4 great orbs of eyes
  A spriggan air mage (Depths:4)
  13 hydras
  4 vault guards (D:13)
  17 naga warriors
  Erica (D:9)
  14 anacondas
  2 centaur warriors
  A catoblepas (Lair:6)
  10 two-headed ogres
  5 deep troll shamans
  A satyr (shapeshifter) (Depths:3)
  2 vampire magi
  4 ogre magi (Orc:2)
  A deep troll earth mage (Depths:3)
  3 hell hogs
  A shock serpent (shapeshifter) (Depths:3)
  4 tengu warriors
  A spriggan berserker (Depths:2)
  Urug (D:13)
  9 thrashing horrors
  The ghost of marsu the Poker, a novice OgSk of Dithmenos (D:6)
  2 orc high priests (Orc:2)
  16 naga sharpshooters
  17 shock serpents
  9 wretched stars
  A fire crab (shapeshifter) (Depths:4)
  Nergalle (D:10)
  4 sixfirhies
  2 skeletal warriors
  2 spatial maelstroms
  A salamander mystic (Snake:4)
  An iron troll (D:15)
  6 sea snakes
  3 unseen horrors
  4 glowing orange brains
  A flayed ghost (Depths:3)
  7 deep trolls
  A shadow dragon zombie (Depths:2)
  6 naga ritualists
  A phantasmal warrior (Abyss:5)
  2 wizards (Depths:3)
  5 lindwurms
  A wolf spider (shapeshifter) (Depths:3)
  12 mana vipers
  4 orc knights
  14 ugly things
  An anaconda skeleton (Abyss:4)
  2 oklob plants (D:11)
  A worldbinder (Abyss:4)
  3 deep elf magi
  8 cyclopes
  A faun (shapeshifter) (Abyss:3)
  3 manticores
  Maurice (D:9)
  14 elephants
  A black mamba (shapeshifter) (Depths:3)
  17 salamanders
  An eye of devastation (Abyss:3)
  A spriggan zombie (Depths:2)
  12 guardian serpents
  3 rust devils
  7 smoke demons
  29 black mambas
  4 apocalypse crabs
  20 naga magi
  2 gargoyles
  13 spiny frogs
  2 kobold demonologists
  An eye of devastation (shapeshifter) (Depths:2)
  7 komodo dragons
  5 rime drakes
  3 orange demons
  2 freezing wraiths (Abyss:3)
  3 demonic crawlers (D:15)
  A tengu conjurer (D:15)
  A tormentor (Abyss:3)
  13 yaktaurs
  3 hellwings
  10 ancient zymes
  A jumping spider (shapeshifter) (D:15)
  A red devil (Depths:3)
  3 meliai (Lair:5)
  2 queen bees
  3 trolls
  A meliai (shapeshifter) (D:13)
  2 hornets
  27 raiju
  6 blink frogs
  A meliai zombie (D:15)
  24 slime creatures
  A hippogriff (shapeshifter) (D:15)
  2 fire dragon zombies
  9 hippogriffs
  4 flying skulls (Abyss:4)
  2 shadows
  A spriggan (Lair:3)
  An ettin skeleton (Abyss:4)
  45 yaks
  15 water elementals
  5 wyverns
  3 basilisks
  9 wraiths
  A wyvern (shapeshifter) (D:15)
  6 ynoxinuls
  A golden eye (shapeshifter) (Depths:4)
  A fire elemental (Depths:3)
  A fire bat (Abyss:4)
  24 large abominations
  2 hungry ghosts
  2 steam dragons
  12 small abominations
  8 vampire mosquitoes
  8 chaos spawn
  5 neqoxecs
  5 golden eyes
  10 spatial vortices
  3 wargs
  50 nagas
  4 insubstantial wisps (Abyss:3)
  An acid dragon (D:15)
  A spiny frog zombie (Abyss:3)
  Duvessa (D:7)
  An acid dragon (shapeshifter) (Abyss:4)
  10 porcupines
  11 water moccasins
  4 sky beasts
  A floating eye (Depths:3)
  31 orc warriors
  3 black bears
  An eye of draining (D:15)
  28 ogres
  A fire dragon simulacrum (Abyss:3)
  2 boggarts (D:15)
  3 ice beasts
  2 phantoms
  2 necrophages
  7 wolves
  A crocodile (shapeshifter) (Depths:1)
  15 crocodiles
  23 centaurs
  15 big kobolds
  19 bullfrogs
  Dowan (D:7)
  A water moccasin zombie (D:11)
  7 scorpions
  A water moccasin skeleton (D:7)
  2 wyvern skeletons
  63 killer bees
  17 wights
  4 howler monkeys
  4 electric eels
  11 crimson imps
  5 bullfrog zombies
  5 quasits
  5 centaur zombies
  18 orc priests
  3 bullfrog skeletons
  7 hounds
  29 orc wizards
  7 jellies
  2 centaur skeletons
  4 iron imps
  4 iguanas
  10 worker ants
  2 hell rats (Lair:5)
  2 hound zombies
  2 hound skeletons
  A worker ant zombie (D:6)
  A howler monkey skeleton (D:8)
  7 gnolls
  7 adders
  A river rat (Lair:5)
  5 shadow imps
  4 white imps
  7 oozes
  2 worms
  3 dart slugs
  6 leopard geckos
  136 orcs
  4 bats
  4 giant cockroaches
  13 goblins
  7 hobgoblins
  5 jackals
  35 kobolds
  6 quokkas
  A ball python (D:4)
  4 frilled lizards
  A giant cockroach zombie (D:6)
  A jackal zombie (D:7)
  A leopard gecko zombie (D:6)
  A quokka zombie (D:9)
  5 rats
  A fire vortex (Depths:3)
  A fungus (Lair:3)
  4 plants
  3 starspawn tentacles
1540 creatures vanquished.

Vanquished Creatures (collateral kills)
  A juggernaut (Depths:2)
  A bone dragon (Abyss:4)
  3 liches
  A titan (Depths:4)
  An Executioner (Abyss:4)
  A tentacled starspawn (Abyss:4)
  Roxanne (Snake:3)
  2 nagarajas
  2 fire giants (Depths:4)
  4 storm dragons (Depths:4)
  2 cacodemons (Abyss:3)
  A balrug (Abyss:3)
  A ghoul (Abyss:3)
  The ghost of Hiprih the Thaumaturge, a journeyman DsFE of Vehumet (Snake:1)
  A stone giant (Depths:2)
  A vampire knight (Depths:3)
  2 very ugly things
  A black draconian (Abyss:4)
  A red draconian (Abyss:4)
  A lorocyproca (Abyss:3)
  The ghost of Guahish the Geomancer, a journeyman GrEE of Vehumet (Lair:3)
  A blizzard demon (Abyss:4)
  A jiangshi (Depths:2)
  4 naga warriors (Snake:4)
  An ice dragon (shapeshifter) (D:15)
  4 rakshasas
  2 death knights
  A deep troll earth mage (Depths:3)
  6 two-headed ogres (Orc:2)
  2 deep troll shamans (Depths:3)
  A spriggan berserker (Depths:3)
  8 thrashing horrors (Abyss:3)
  A naga sharpshooter (Snake:4)
  2 sea snakes (Snake:4)
  A sixfirhy (Abyss:4)
  8 wretched stars
  2 spatial maelstroms
  2 deep trolls
  An iron troll (Depths:3)
  A torturous demonspawn (Depths:3)
  6 large abominations
  An unseen horror (D:15)
  A flayed ghost (Abyss:3)
  A naga ritualist (Snake:4)
  A glowing orange brain (Abyss:3)
  A necromancer (Depths:2)
  2 orc knights (D:15)
  A sphinx zombie (Depths:2)
  A mana viper (Snake:1)
  A cyclops (Orc:2)
  A centaur zombie (D:15)
  5 guardian serpents
  A naga mage (Snake:4)
  3 smoke demons (Abyss:3)
  4 kobold demonologists (D:15)
  A spriggan zombie (Depths:2)
  An efreet (Abyss:3)
  3 freezing wraiths (D:15)
  A tengu conjurer (D:15)
  2 yaktaurs (Depths:3)
  6 ancient zymes
  A troll (D:15)
  A polar bear (shapeshifter) (D:15)
  A hippogriff (D:15)
  2 slime creatures (D:15)
  A stone giant simulacrum (Depths:2)
  8 raiju
  6 flying skulls
  A wraith (Abyss:3)
  6 small abominations
  2 ynoxinuls (Abyss:3)
  3 fire bats
  A water elemental (D:15)
  A chaos spawn (Abyss:3)
  A golden eye (Abyss:3)
  A vampire mosquito (D:15)
  2 insubstantial wisps (Abyss:3)
  2 wargs (Orc:2)
  9 nagas
  An ice beast (D:15)
  6 orc warriors
  3 boggarts (D:15)
  7 ogres (Orc:2)
  A wolf (shapeshifter) (D:15)
  3 centaurs (D:15)
  A crocodile (D:15)
  A bullfrog (D:15)
  2 wights (D:15)
  12 starcursed masses
  A quasit (Abyss:4)
  2 orc wizards (Orc:2)
  An iron imp (Abyss:4)
  3 white imps
  8 orcs
224 creatures vanquished.

Vanquished Creatures (others)
  A merfolk javelineer (Depths:1)
  A naga warrior (Snake:4)
  A wretched star (Abyss:3)
  A shadow wraith (Abyss:5)
  An ancient zyme (Abyss:3)
  A large abomination (Abyss:3)
  A spriggan (Lair:3)
  An orc (D:3)
  10 fungi
  4 lurking horrors
  17 plants
  13 starspawn tentacles
  5 withered plants (Snake:1)
57 creatures vanquished.

Grand Total: 1821 creatures vanquished

Notes
Turn   | Place    | Note
-------+----------+-------------------------------------------
     0 | D:1      | Rrauwl the Halfling Hunter began the quest for the Orb.
     0 | D:1      | Reached XP level 1. HP: 14/14 MP: 1/1
     1 | D:1      | Noticed an electric eel
   284 | D:1      | Reached XP level 2. HP: 19/19 MP: 2/2
   643 | D:1      | Reached skill level 1 in Armour
   643 | D:1      | Reached XP level 3. HP: 24/24 MP: 3/3
  1113 | D:2      | Reached XP level 4. HP: 26/29 MP: 4/4
  1521 | D:3      | Noticed a centaur
  1525 | D:3      | Killed a centaur
  1525 | D:3      | Reached skill level 1 in Shields
  1525 | D:3      | Reached XP level 5. HP: 20/34 MP: 5/5
  1748 | D:3      | Reached XP level 6. HP: 39/39 MP: 6/6
  1899 | D:3      | Reached skill level 2 in Shields
  1964 | D:3      | Gained mutation: You are weak. (Str -2) [potion of mutation]
  2181 | D:4      | Noticed an ogre
  2194 | D:4      | Killed an ogre
  2253 | D:4      | Reached XP level 7. HP: 36/45 MP: 7/7
  2289 | D:4      | Reached skill level 3 in Shields
  2619 | D:4      | You fall through a shaft for 2 floors!
  2776 | D:5      | Entered Level 5 of the Dungeon
  2912 | D:4      | Reached skill level 1 in Long Blades
  3432 | D:5      | Reached skill level 4 in Shields
  3445 | D:5      | Reached XP level 8. HP: 48/50 MP: 8/8
  3936 | D:5      | Reached skill level 1 in Evocations
  4348 | D:6      | Found a staircase to the Ecumenical Temple.
  4354 | Temple   | Entered the Ecumenical Temple
  4453 | Temple   | Became a worshipper of the Shining One
  4603 | D:6      | Found a runed gate.
  4604 | D:6      | Noticed marsu's ghost (novice OgSk)
  4604 | D:6      | Noticed a kobold demonologist
  4605 | D:6      | Found a runed gate.
  4605 | D:6      | Found a runed gate.
  4843 | D:7      | Reached * piety under the Shining One
  4852 | D:7      | Reached skill level 5 in Shields
  5000 | D:7      | Reached XP level 9. HP: 20/54 MP: 10/10
  5111 | D:7      | Reached skill level 10 in Slings
  5275 | D:7      | Noticed Duvessa
  5276 | D:7      | Noticed Dowan
  5288 | D:7      | Killed Duvessa
  5303 | D:7      | Killed Dowan
  5303 | D:7      | Reached skill level 6 in Shields
  5479 | D:7      | Reached skill level 5 in Long Blades
  5567 | D:7      | Lost mutation: You are weak. (Str -2) [potion of mutation]
  5656 | D:7      | Found a stormy altar of Qazlal.
  5968 | D:8      | Reached ** piety under the Shining One
  6108 | D:8      | Found a flagged portal.
  6147 | Bailey   | Entered a bailey
  6593 | Bailey   | Reached XP level 10. HP: 43/60 MP: 11/11
  7522 | Bailey   | Got a steaming long sword
  7884 | D:8      | Noticed a purple ugly thing
  7895 | D:8      | Killed a purple ugly thing
  8440 | D:6      | Noticed a sun demon
  8739 | D:6      | Noticed a smoke demon
  8748 | D:6      | Killed a kobold demonologist
  8770 | D:6      | Reached skill level 1 in Invocations
  8782 | D:6      | Reached XP level 11. HP: 62/64 MP: 12/12
  8919 | D:6      | Killed marsu's ghost
  9149 | D:9      | Noticed Maurice
  9170 | D:9      | Killed Maurice
  9170 | D:9      | Reached skill level 5 in Armour
  9170 | D:9      | Reached skill level 5 in Dodging
  9341 | D:9      | Found a white marble altar of Elyvilon.
  9421 | D:9      | Noticed Erica
  9435 | D:9      | Killed Erica
  9668 | D:9      | Reached *** piety under the Shining One
  9817 | D:10     | Entered Level 10 of the Dungeon
  9817 | D:10     | Noticed Nergalle
  9914 | D:10     | Noticed Erolcha
  9928 | D:10     | Noticed Harold
  9983 | D:10     | Killed Harold
  9983 | D:10     | Reached skill level 10 in Long Blades
  9988 | D:10     | Reached skill level 5 in Invocations
 10029 | D:10     | Killed Erolcha
 10029 | D:10     | Reached XP level 12. HP: 32/72 MP: 14/16
 10180 | D:10     | Noticed Gastronok
 10202 | D:10     | Killed Gastronok
 10228 | D:10     | Killed Nergalle
 11105 | D:11     | Noticed an unseen horror
 11114 | D:11     | Killed an unseen horror
 11129 | D:11     | Reached **** piety under the Shining One
 11149 | D:11     | Noticed a rakshasa
 11164 | D:11     | Killed a rakshasa
 11448 | D:11     | Found a staircase to the Lair.
 11568 | D:11     | Noticed a two-headed ogre
 11582 | D:11     | Killed a two-headed ogre
 11582 | D:11     | Reached XP level 13. HP: 79/79 MP: 18/18
 11697 | D:11     | Got a pair of pitted boots
 11708 | D:11     | Identified the +0 pair of boots "Ohietz" {Dex+2} (You found it on level 11 of the Dungeon)
 12441 | Lair:1   | Entered Level 1 of the Lair of Beasts
 12449 | Lair:1   | Reached ***** piety under the Shining One
 12541 | Lair:1   | Found a labyrinth entrance.
 12562 | Lab      | Entered a labyrinth
 12654 | Lab      | Noticed a minotaur
 12687 | Lab      | Killed a minotaur
 12701 | Lab      | Identified the Almanac of Earth
 12713 | Lab      | Identified Sif Muna's Compendium of Venomous Transmigration
 12715 | Lab      | Got a wizard robe
 12908 | Lair:1   | Noticed a seven-headed hydra
 12920 | Lair:1   | Killed a three-headed hydra
 12930 | Lair:1   | Noticed a four-headed hydra
 12944 | Lair:1   | Killed a one-headed hydra
 12944 | Lair:1   | Reached skill level 10 in Armour
 13070 | Lair:1   | Noticed a six-headed hydra
 13092 | Lair:1   | Killed a one-headed hydra
 13701 | Lair:1   | Reached skill level 5 in Evocations
 13728 | Lair:1   | Reached skill level 5 in Fighting
 14139 | Lair:2   | Noticed a seven-headed hydra
 14157 | Lair:2   | Killed a six-headed hydra
 14488 | Lair:2   | Noticed an eight-headed hydra
 14499 | Lair:2   | Killed a four-headed hydra
 14527 | Lair:2   | Reached skill level 10 in Invocations
 14719 | Lair:3   | Found a staircase to the Snake Pit.
 14741 | Lair:3   | Noticed a seven-headed hydra
 14749 | Lair:3   | Killed a two-headed hydra
 15034 | Lair:3   | Reached XP level 14. HP: 64/88 MP: 14/21
 15664 | Lair:3   | Found a runed door.
 15665 | Lair:3   | Noticed Guahish's ghost (journeyman GrEE)
 16412 | Lair:3   | Killed Guahish's ghost
 16742 | Lair:4   | Found a staircase to the Swamp.
 18417 | Lair:5   | Identified the +7 hunting sling of Untimely Demise {freeze, *Slow rF++ Int+6} (You found it on level 5 of the Lair of Beasts)
 18752 | Lair:5   | Reached XP level 15. HP: 77/94 MP: 21/24
 19235 | Lair:5   | You fall through a shaft!
 19235 | Lair:6   | Entered Level 6 of the Lair of Beasts
 19500 | Lair:6   | Found a viscous altar of Jiyva.
 19500 | Lair:6   | Found a staircase to the Slime Pits.
 19708 | Lair:6   | Identified a +2 pair of boots of running (You found it on level 6 of the Lair of Beasts)
 21706 | D:12     | Found a staircase to the Orcish Mines.
 22195 | D:12     | Reached ****** piety under the Shining One
 22353 | D:12     | Found a portal to a secret trove of treasure.
 22786 | D:13     | Noticed Urug
 22801 | D:13     | Killed Urug
 22839 | D:13     | Found Savaigam's Food Boutique.
 23358 | D:13     | Reached XP level 16. HP: 103/103 MP: 26/26
 23584 | D:13     | Found a gate to the Vaults.
 24274 | D:13     | Identified The Last Secrets of Wizardry
 25225 | D:14     | Reached skill level 7 in Shields
 25321 | D:15     | Entered Level 15 of the Dungeon
 25884 | D:15     | Reached skill level 8 in Shields
 25887 | D:15     | Found Zepad's Armour Emporium.
 26053 | D:15     | Reached skill level 9 in Shields
 26370 | D:15     | Reached skill level 10 in Shields
 26857 | D:15     | Bought the +2 shield of Resistance {rF+ rC+ MR+} for 493 gold pieces
 26857 | D:15     | Found the +2 shield of Resistance {rF+ rC+ MR+}
 27048 | D:15     | Found Ymyptan's Armour Shoppe.
 27056 | D:15     | Bought a +2 helmet of intelligence for 322 gold pieces
 27339 | D:15     | Found a staircase to the Depths.
 27437 | Orc:1    | Entered Level 1 of the Orcish Mines
 27438 | Orc:1    | Upgraded the game from 0.23-a0-49-gd9f7a49668 to 0.23-a0-54-gae6112e33f
 27687 | Orc:1    | Reached skill level 11 in Shields
 28001 | Orc:1    | Noticed Josephine
 28022 | Orc:1    | Killed Josephine
 28106 | Orc:1    | Found a bloodstained altar of Trog.
 28647 | Orc:2    | Entered Level 2 of the Orcish Mines
 28747 | Orc:2    | Reached skill level 12 in Shields
 29226 | Orc:2    | Reached XP level 17. HP: 93/108 MP: 24/27
 29269 | Orc:2    | Noticed Saint Roka
 29325 | Orc:2    | Killed Saint Roka
 29325 | Orc:2    | Reached skill level 13 in Shields
 29421 | Orc:2    | Found a roughly hewn altar of Beogh.
 29574 | Orc:2    | Found Keenaj's Antique Weapon Emporium.
 29649 | Orc:2    | Reached skill level 14 in Shields
 29720 | Orc:2    | Found Ysugug's Antique Armour Shop.
 29720 | Orc:2    | Found Pafoliaw's Assorted Antiques.
 29720 | Orc:2    | Found Zeofan's Distillery.
 29720 | Orc:2    | Found Buuneq's Magic Scroll Shop.
 29733 | Orc:2    | Bought 2 potions of agility for 112 gold pieces
 29734 | Orc:2    | Bought a scroll of noise for 14 gold pieces
 29750 | Orc:2    | Bought a scroll labeled SITO JUISE for 29 gold pieces
 29750 | Orc:2    | Bought a glowing gold wand for 116 gold pieces
 29860 | Orc:2    | Found a staircase to the Elven Halls.
 30467 | Depths:1 | Entered Level 1 of the Depths
 30962 | Depths:1 | Identified 3 scrolls of acquirement
 30973 | D:15     | Got an encrusted shield
 30984 | D:15     | Identified the +1 shield of Oblivion {+Fly Dex+2 SInv} (You acquired it on level 15 of the Dungeon)
 30995 | D:15     | Got a brightly glowing hunting sling
 30996 | D:15     | Identified the +6 hunting sling of Brawling {velocity, rC+ rN+} (You acquired it on level 15 of the Dungeon)
 30998 | D:15     | Got a transparent hunting sling
 30999 | D:15     | Identified the +4 hunting sling of the Candle {velocity, *Corrode rPois rF+} (You acquired it on level 15 of the Dungeon)
 31302 | Depths:1 | Found a gateway to Hell.
 31421 | Depths:1 | Reached skill level 15 in Shields
 32189 | Depths:2 | Reached skill level 16 in Shields
 32845 | Depths:2 | You fall through a shaft!
 33017 | Depths:3 | Reached XP level 18. HP: 114/114 MP: 28/28
 33078 | Depths:3 | Got a crude scale mail
 33093 | Depths:3 | Identified the +3 scale mail of Pantheism {rN+ rCorr Dex+3 SInv} (You found it on level 3 of the Depths)
 33182 | Depths:2 | Found Hoddaf's One-of-a-Kind Books.
 33189 | Depths:2 | Reached skill level 17 in Shields
 33589 | Depths:2 | Noticed a lich
 33605 | Depths:2 | Noticed a Brimstone Fiend
 33617 | Depths:2 | Killed a lich
 34050 | Depths:2 | Found a burning altar of Makhleb.
 34066 | Depths:2 | Noticed a juggernaut
 34087 | Depths:2 | Killed a juggernaut
 34153 | Depths:2 | Reached skill level 18 in Shields
 34356 | Depths:2 | Identified the Tome of Sinister Rites
 34641 | Depths:3 | Found Iqeok's Jewellery Shop.
 34955 | Depths:3 | Found Xosehich's Armour Boutique.
 34991 | Depths:3 | Bought the +4 swamp dragon scales of Syisk {rPois Slay+2} for 1024 gold pieces
 35076 | Depths:3 | Noticed a titan
 35260 | Snake:1  | Entered Level 1 of the Snake Pit
 35320 | Snake:1  | Reached skill level 19 in Shields
 35669 | Snake:1  | Found a runed gate.
 35670 | Snake:1  | Found a runed gate.
 35671 | Snake:1  | Found a runed gate.
 35672 | Snake:1  | Noticed Hiprih's ghost (journeyman DsFE)
 35673 | Snake:1  | Noticed WhatIsLove's ghost (adept MiFi)
 36317 | Snake:1  | Reached XP level 19. HP: 118/118 MP: 29/29
 37014 | Snake:1  | Killed WhatIsLove's ghost
 37028 | Snake:1  | Killed Hiprih's ghost
 37355 | Snake:2  | Reached skill level 20 in Shields
 37672 | Snake:2  | Got a brightly glowing plate armour
 37717 | Snake:2  | Identified the cursed +0 plate armour of Card Tricks {rCorr Dex+3 Slay-2} (You found it on level 2 of the Snake Pit)
 37962 | Snake:2  | Found Yraskiq's Armour Boutique.
 38652 | Snake:2  | Reached skill level 21 in Shields
 39422 | Snake:3  | Noticed Vashnia
 39471 | Snake:3  | Killed Vashnia
 39997 | Snake:3  | Noticed Roxanne
 40030 | Snake:3  | Killed Roxanne
 40030 | Snake:3  | Reached XP level 20. HP: 70/131 MP: 10/30
 40036 | Snake:3  | Identified Roxanne's Incunabulum of the Rocks (You took it off Roxanne on level 3 of the Snake Pit)
 40041 | Snake:3  | Learned a level 2 spell: Passwall
 40297 | Snake:3  | Reached skill level 10 in Fighting
 40645 | Snake:4  | Entered Level 4 of the Snake Pit
 41289 | Snake:4  | Found Haownadgh's Book Shoppe.
 41899 | Snake:4  | Got a serpentine rune of Zot
 42059 | Snake:4  | Reached skill level 10 in Dodging
 42604 | Hell     | Entered the Vestibule of Hell
 42604 | Hell     | Noticed Geryon
 42656 | Depths:3 | Reached skill level 15 in Invocations
 42656 | Depths:3 | Reached XP level 21. HP: 137/137 MP: 32/32
 42693 | Depths:3 | Reached skill level 15 in Armour
 42701 | Depths:3 | Noticed a caustic shrike
 42716 | Depths:3 | Killed a caustic shrike
 42813 | Depths:3 | Learned a level 2 spell: Blink
 42851 | Depths:3 | Reached skill level 10 in Evocations
 42979 | Depths:3 | Reached skill level 5 in Stealth
 43304 | Depths:3 | Found a one-way gate leading to the halls of Pandemonium.
 44531 | Depths:4 | Noticed a lich
 44542 | Depths:4 | Killed a lich
 45122 | Depths:4 | Found a one-way gate to the infinite horrors of the Abyss.
 45584 | Depths:4 | Voluntarily entered the Abyss.
 45681 | Abyss:3  | Reached XP level 22. HP: 144/144 MP: 24/33
 47392 | Abyss:3  | Paralysed by accursed screaming for 1 turns
 47408 | Abyss:3  | Paralysed by accursed screaming for 1 turns
 47413 | Abyss:3  | Paralysed by accursed screaming for 1 turns
 47471 | Abyss:3  | Paralysed by accursed screaming for 1 turns
 47847 | Abyss:4  | Reached skill level 10 in Stealth
 47881 | Abyss:4  | Noticed a bone dragon
 47899 | Abyss:4  | Killed a bone dragon
 48153 | Abyss:4  | Reached XP level 23. HP: 120/153 MP: 32/34
 48295 | Abyss:4  | Gained mutation: Potions are less effective at restoring your health. [a neqoxec]
 48816 | Abyss:5  | Entered Level 5 of the Abyss
 48896 | Abyss:5  | Noticed a profane servitor
 48922 | Abyss:5  | HP: 3/122 [crystal guardian/crystal bolt (14)]
 48941 | Abyss:5  | Was placed under penance by the Shining One
 48953 | Abyss:5  | HP: 3/122 [smoke demon/divine providence (14)]
 48978 | Abyss:5  | HP: 5/122 [phantasmal warrior (8)]
 49031 | Abyss:5  | HP: 1/122 [disintegration (18)]
 49034 | Abyss:5  | Blown up by an eye of devastation

Vault maps used:
D:1:      arrival_aquarium_a
D:4:      kennysheep_spiral_hall
D:5:      first_ration
D:6:      minmay_temple_entry_hall, gammafunk_ghost_nasty_kobolds
D:7:      lemuel_crystal_altar, uniq_duvessa
D:8:      enter_bailey_3
D:9:      elyvilon_altar_1, uniq_erica, uniq_maurice
D:10:     uniq_erolcha, uniq_nergalle, uniq_harold, uniq_gastronok
D:11:     hangedman_cross_stitches, dpeg_oklobed_lair
D:12:     orc_0_dummy, nicolae_trove_entry_crystal,
          hangedman_little_slice_of_home, nicolae_two_hexagons
D:13:     lightli_vaults_fourway_checkpoint, serial_shops, shop,
          minmay_lindwurm_lava, uniq_urug
D:14:     serial_park_tiny_2, corexii_hall_statues_i
D:15:     gammafunk_enter_depths_forms, serial_shops, shop, shop,
          wad_floor_pattern_1, einodemon_crawler_minivault
Temple:   regret_index_temple_chain_breaker
Lair:1:   lab_entry_generic
Lair:3:   dummy_snake_entry, ebering_ghost_funeral_grove
Lair:4:   minmay_swamp_entry_reptiles, minivault_23, serial_bayou_lake_a
Lair:5:   regret_index_wax_grids
Lair:6:   due_jungle_book, slime_altar_1, wad_woods_road_04, grunt_megastairs_4
Snake:1:  gammafunk_ghost_cemetery
Snake:2:  nicolae_cobra_stairs, serial_shops, shop, serial_bayou_shore_b
Snake:3:  uniq_vashnia, uniq_roxanne
Snake:4:  grunt_snake_rune_pools, serial_shops, shop, st_stairs_4, spider_trap
Orc:1:    special_room, bloody_trog, uniq_josephine
Orc:2:    st_orc_ogre_mass, basic_altar, serial_shops, nicolae_shop_crystal,
          guppyfry_orc_lava_fort, uniq_saint_roka
Depths:1: hell_entry, lemuel_freeze_loot_1
Depths:2: minmay_the_grid_triangle_9x9_recursive_2, hell_entry, fountainhead,
          nicolae_rare_books, infiniplex_staircase_split_hallway
Depths:3: hangedman_cross_veins, hell_entry, rand_demon_pan_entry_7,
          serial_bayou_shore_b, minmay_shoptagon, minmay_staircase_bubble
Depths:4: grunt_house_of_mirrors, minmay_misc_feat_hallway,
          abyss_entry_small_statue_room, grunt_hell_entry_dis_grunt,
          hangedman_abyss_or_decor_passed, minmay_misc_feat_encased
Abyss:3:  evilmike_abyss_exit_12, evilmike_abyss_rune_ettins
Abyss:4:  bh_abyss_exit_spiral, hangedman_abyss_overflow_altar,
          dshaligram_kb_abyss_rune_zappy_water_cross,
          serial_sigils_hangedman_shear
Abyss:5:  minivault_25, hangedman_abyss_monster_moat,
          hangedman_grunt_abyss_rune_horror_hoard,
          guppyfry_abyss_exit_glass_guarded
Lab:      nicolae_lab_dead_adventurers
Bailey:   bailey_polearm_flooded_kennysheep, bailey

Skill      XL: |  1  2  3  4  5  6  7  8  9 10 11 12 13 14 15 16 17 18 19 20 21 22 23 |
---------------+----------------------------------------------------------------------+-----
Slings         | 6 7 8 9 12 14 | 14.0
Fighting       | 2 3 4 5 6 7 9 10 11 12 | 12.0
Armour         | 1 2 3 4 6 7 10 12 14 16 17 18 | 18.4
Dodging        | 3 4 6 7 8 10 12 | 12.0
Shields        | 1 2 4 5 6 12 16 19 21 | 21.0
Long Blades    | 1 3 6 8 10 12 | 12.0
Evocations     | 2 3 4 5 6 7 9 10 | 10.1
Invocations    | 1 5 7 10 12 13 14 15 | 15.0
Stealth        | 2 6 10 | 10.0

Action                   |  1- 3 |  4- 6 |  7- 9 | 10-12 | 13-15 | 16-18 | 19-21 | 22-24 || total
-------------------------+-------+-------+-------+-------+-------+-------+-------+-------++-------
Melee: Dagger            |       |       |     6 |       |       |       |       |       ||     6
       Falchion          |       |       |    18 |       |       |       |       |       ||    18
       Short sword       |       |       |       |   233 |  1243 |   991 |       |       ||  2467
       Scimitar          |       |       |       |       |    81 |   177 |     7 |    84 ||   349
 Fire: Hunting sling     |    75 |   153 |   576 |   751 |   578 |       |       |       ||  2133
       Fustibalus        |       |       |       |       |   473 |  1213 |  1848 |  1380 ||  4914
Throw: Throwing net      |       |       |       |       |       |       |       |     3 ||     3
Invok: Divine Shield     |       |       |       |     1 |       |     1 |     1 |       ||     3
       Cleansing Flame   |       |       |       |       |       |     2 |       |     6 ||     8
       Summon Divine War |       |       |       |       |       |     9 |    11 |    11 ||    31
 Abil: Evoke Flight      |       |       |       |       |       |     2 |       |       ||     2
Evoke: Wand              |       |       |       |    25 |     4 |     8 |     9 |     2 ||    48
       Sack of spiders   |       |       |       |       |     4 |     1 |       |       ||     5
       Lamp of fire      |       |       |       |       |     2 |     3 |     2 |     1 ||     8
       Lightning rod     |       |       |       |       |       |     5 |     2 |       ||     7
       Box of beasts     |       |       |       |       |       |       |       |     2 ||     2
  Use: Potion            |     4 |     3 |     7 |     6 |     6 |     3 |     2 |    14 ||    45
       Scroll            |     4 |     4 |     3 |     4 |    13 |    15 |     7 |     5 ||    55
  Eat: Chunk             |       |     4 |     8 |     6 |    30 |    21 |    10 |     1 ||    80
       Ration            |       |       |     1 |     3 |     2 |     6 |     6 |     3 ||    21
Armor: Scale mail        |    11 |     1 |       |       |       |    61 |       |       ||    73
       Plate armour      |       |     2 |    77 |   121 |   338 |   286 |       |       ||   824
       Swamp dragon scal |       |       |       |       |       |     7 |   121 |   129 ||   257
       Skin              |       |       |       |       |       |       |       |     1 ||     1
Dodge: Dodged            |     8 |    24 |    60 |   152 |   601 |   756 |   437 |   413 ||  2451
       Deflected         |       |       |       |     6 |    28 |    47 |    56 |    21 ||   158
Block: Buckler           |       |    25 |    70 |   206 |   458 |    30 |       |       ||   789
       Shield            |       |       |       |       |       |  1042 |   714 |   512 ||  2268
       Rpst.: Falchion   |       |       |     2 |       |       |       |       |       ||     2
       Scimitar          |       |       |       |       |     3 |    20 |       |    14 ||    37

Table legend:
 A = Spawn XP
 B = Non-spawn XP
 C = Spawn XP percentage of total XP
 D = Spawn monster count
 E = Non-spawn monster count
 F = Spawn count percentage of total count
 G = Total turns spent on level
                    A         B        C        D         E        F      G
               +---------+---------+-------+---------+---------+-------+---------
         Total |   94891 |  529748 |  15.2 |     240 |    1510 |  13.7 | 49034
               +---------+---------+-------+---------+---------+-------+---------
           D:1 |       0 |      34 |   0.0 |       0 |      16 |   0.0 |   815
           D:2 |       0 |      58 |   0.0 |       0 |      21 |   0.0 |   699
           D:3 |       0 |     232 |   0.0 |       0 |      32 |   0.0 |   568
           D:4 |       0 |     527 |   0.0 |       0 |      19 |   0.0 |  1124
           D:5 |       0 |     417 |   0.0 |       0 |      15 |   0.0 |   882
           D:6 |       0 |    2288 |   0.0 |       0 |      21 |   0.0 |  1153
           D:7 |       0 |    1726 |   0.0 |       0 |      49 |   0.0 |  1244
           D:8 |       0 |    1769 |   0.0 |       0 |      33 |   0.0 |   862
           D:9 |       0 |    3390 |   0.0 |       0 |      36 |   0.0 |   717
          D:10 |       0 |    7310 |   0.0 |       0 |      35 |   0.0 |   754
          D:11 |       0 |    8925 |   0.0 |       0 |      58 |   0.0 |  1929
          D:12 |       0 |    7463 |   0.0 |       0 |      58 |   0.0 |  1569
          D:13 |       0 |   17937 |   0.0 |       0 |      74 |   0.0 |  1868
          D:14 |       0 |    5035 |   0.0 |       0 |      14 |   0.0 |  1330
          D:15 |       0 |   24111 |   0.0 |       0 |      98 |   0.0 |  2436
        Lair:1 |       0 |    7770 |   0.0 |       0 |      26 |   0.0 |  1232
        Lair:2 |       0 |    4051 |   0.0 |       0 |      12 |   0.0 |   959
        Lair:3 |       0 |   13670 |   0.0 |       0 |      46 |   0.0 |  2188
        Lair:4 |       0 |    6363 |   0.0 |       0 |      24 |   0.0 |   978
        Lair:5 |       0 |   15035 |   0.0 |       0 |      79 |   0.0 |  1459
        Lair:6 |       0 |    9392 |   0.0 |       0 |      18 |   0.0 |  1718
       Snake:1 |       0 |   20447 |   0.0 |       0 |      38 |   0.0 |  1845
       Snake:2 |       0 |   42217 |   0.0 |       0 |      59 |   0.0 |  2148
       Snake:3 |       0 |   27761 |   0.0 |       0 |      45 |   0.0 |  1491
       Snake:4 |       0 |   69159 |   0.0 |       0 |     118 |   0.0 |  1668
         Orc:1 |       0 |    9214 |   0.0 |       0 |      69 |   0.0 |  1502
         Orc:2 |       0 |   25214 |   0.0 |       0 |      91 |   0.0 |  1347
      Depths:1 |       0 |   12575 |   0.0 |       0 |      18 |   0.0 |   907
      Depths:2 |       0 |   39163 |   0.0 |       0 |      49 |   0.0 |  2297
      Depths:3 |       0 |   55889 |   0.0 |       0 |      63 |   0.0 |  1659
      Depths:4 |       0 |   57070 |   0.0 |       0 |      45 |   0.0 |  2186
       Abyss:3 |   55718 |   18099 |  75.5 |     148 |      52 |  74.0 |  1865
       Abyss:4 |   35562 |   11099 |  76.2 |      86 |      38 |  69.4 |  1302
       Abyss:5 |    3611 |     780 |  82.2 |       6 |       1 |  85.7 |   218
           Lab |       0 |    1246 |   0.0 |       0 |       1 |   0.0 |   252
        Bailey |       0 |    2312 |   0.0 |       0 |      39 |   0.0 |  1634
               +---------+---------+-------+---------+---------+-------+---------
